Map: 2000 Atmospheres LE

Players

DarthMufasa

  • Race: Zerg Zerg
  • League: Platinum

A.I. 1 (Elite) - Winner!

  • Race: Terran Terran

VOD

Have the link to the VOD?

Description

Time

  • Played on: Aug. 14, 2021, 11:39 p.m.
  • Length: 15:37
Show
View Real Time Build Order
Export as new Build Order

DarthMufasa Zerg 

Build Orders: Hatch First, Lurkers 

Get SALT Encoding   

  12  0:01  Drone  
  13  0:10  Drone  
  14  0:15  Extractor  
  14  0:16  Drone  
  14  0:25  Extractor  
  14  0:26  Overlord  
  13  0:31  Drone  
  15  0:57  Hatchery  
  15  0:59  Drone  
  15  1:05  Drone  
  16  1:21  Spawning Pool  
  15  1:29  Pneumatized Carapace  
  15  1:34  Drone  
  15  1:36  Drone  
  17  1:41  Drone  
  18  1:49  Drone  
  19  1:58  Drone  
  20  2:09  Queen  
  20  2:12  Queen  
  24  2:18  Zergling x2  
  24  2:19  Zergling x4  
  27  2:23  Metabolic Boost  
  27  2:29  Overlord  
  27  2:32  Drone  
  28  2:49  Queen  
  30  2:51  Queen  
  30  2:54  Drone x2  
  30  2:58  Drone  
  35  3:01  Drone  
  35  3:05  Overlord  
  36  3:29  Hatchery, Lair  
  35  3:43  Drone  
  35  3:44  Drone x2  
  35  3:45  Evolution Chamber, Drone, Roach Warren  
  37  3:58  Queen  
  39  4:03  Drone x2  
  39  4:09  Drone x3  
  44  4:25  Overlord x2  
  44  4:31  Extractor  
  43  4:32  Extractor  
  43  4:33  Drone x2  
  43  4:36  Overlord x2  
  44  4:52  Queen  
  46  4:54  Overlord x2  
  46  4:59  Drone x3  
  49  5:00  Drone  
  49  5:03  Roach x4  
  58  5:25  Roach  
  58  5:26  Roach x6  
  72  5:30  Drone  
  72  5:31  Drone x3  
  76  5:47  Roach x4  
  76  5:48  Roach x2  
  88  6:01  Overlord x3  
  88  6:05  Zerg Missile Weapons Level 1  
  88  6:06  Glial Reconstitution  
  88  6:35  Roach x3  
  88  6:36  Roach x7  
  108  6:45  Drone x2  
  110  6:52  Drone x2  
  112  6:55  Extractor  
  112  6:56  Overlord  
  112  6:57  Overlord x2  
  111  7:01  Extractor  
  110  7:20  Roach  
  110  7:21  Roach x10  
  132  7:25  Overlord  
  132  7:33  Roach x4  
  134  7:50  Roach  
  134  7:51  Roach x6  
  117  7:52  Roach  
  95  8:02  Roach x2  
  95  8:03  Roach x2  
  85  8:11  Drone x6  
  91  8:31  Drone x10  
  101  8:35  Baneling Nest  
  101  8:38  Extractor  
  101  8:39  Drone  
  100  8:47  Evolution Chamber  
  99  9:08  Ravager x5  
  99  9:09  Ravager x2  
  104  9:11  Zergling x2  
  104  9:12  Zergling x26  
  118  9:23  Ravager  
  118  9:24  Ravager  
  116  9:25  Zergling x2  
  116  9:26  Zergling x6  
  115  9:43  Roach x3, Hatchery  
  115  9:44  Roach x2  
  101  9:52  Zergling x6  
  88  9:53  Zergling x12  
  79  10:05  Drone x2  
  79  10:06  Drone x3  
  84  10:19  Centrifical Hooks  
  84  10:28  Zerg Ground Armor Level 1  
  84  10:29  Zerg Missile Weapons Level 2  
  84  10:34  Drone x2  
  86  10:40  Infestation Pit  
  85  10:46  Extractor  
  85  10:47  Extractor  
  85  10:48  Hatchery  
  82  11:03  Queen x3  
  90  11:07  Drone x10  
  90  11:08  Drone x11  
  90  11:10  Extractor  
  90  11:11  Extractor  
  109  11:15  Hydralisk Den  
  108  11:21  Hive  
  106  11:35  Overlord x4  
  106  11:36  Overlord  
  106  11:43  Roach  
  106  11:44  Roach x13  
  134  11:47  Baneling x3  
  134  11:48  Baneling x7  
  134  11:49  Baneling x6  
  134  11:50  Baneling x2  
  133  12:08  Drone x2  
  133  12:09  Drone  
  133  12:10  Lurker Den  
  133  12:11  Hydralisk x3  
  133  12:12  Hydralisk x4  
  149  12:17  Drone x3  
  149  12:18  Drone x3  
  155  12:33  Zergling x14  
  155  12:34  Hydralisk x6, Zergling x2  
  155  12:35  Hydralisk  
  158  13:02  Hydralisk x6  
  158  13:03  Hydralisk x7  
  158  13:04  Hydralisk  
  149  13:17  Muscular Augments  
  149  13:19  Seismic Spines  
  150  13:27  Lurker x2  
  151  13:34  Drone  
  151  13:35  Drone x3  
  151  13:36  Drone  
  156  13:48  Overlord x2  
  156  13:54  Zergling x2  
  156  13:55  Zergling x44  
  174  13:56  Zergling x2  
  174  14:00  Adrenal Glands  
  180  14:12  Lurker x2  
  180  14:13  Lurker x3  
  185  14:19  Adaptive Talons  
  185  14:33  Drone x3  
  185  14:34  Drone x6  
  185  14:38  Hatchery  
  193  14:41  Unknown  
  193  14:42  Hydralisk  
  193  14:43  Hydralisk x3  
  200  14:47  Baneling x3  
  200  14:48  Baneling x7  
  200  14:49  Baneling x6  
  200  14:50  Baneling x7  
  200  14:51  Baneling  
  200  14:55  Spore Crawler  
  200  14:57  Spore Crawler  
  200  14:59  Spine Crawler  
  197  15:01  Spine Crawler x2  
  197  15:04  Drone  
Show
View Real Time Build Order
Export as new Build Order

A.I. 1 (Elite) Terran - Winner!

Build Orders:  

Get SALT Encoding   

  12  0:00  SCV  
  13  0:13  SCV  
  14  0:18  Supply Depot  
  14  0:25  SCV  
  14  0:28  Refinery  
  15  0:39  SCV  
  16  0:47  Barracks  
  16  0:51  SCV  
  17  1:04  SCV  
  18  1:06  Supply Depot  
  18  1:16  SCV  
  19  1:28  SCV  
  20  1:36  Marine  
  21  1:41  Factory  
  21  1:42  Barracks  
  21  1:43  SCV  
  22  1:53  Marine  
  23  1:55  SCV  
  23  1:59  Supply Depot  
  24  2:07  SCV  
  25  2:11  Marine  
  26  2:19  SCV  
  27  2:26  Factory Tech Lab  
  27  2:29  Marine  
  28  2:31  Marine, SCV  
  30  2:43  SCV  
  31  2:46  Siege Tank  
  34  2:58  Command Center  
  34  3:06  Orbital Command  
  34  3:12  Refinery  
  34  3:22  Marine  
  34  3:25  Marine  
  36  3:32  SCV  
  37  3:40  Marine  
  38  3:43  Marine  
  38  3:44  Supply Depot  
  39  3:54  Barracks  
  39  3:59  Barracks Tech Lab  
  39  4:02  Barracks Tech Lab  
  39  4:06  SCV  
  39  4:09  SCV  
  41  4:17  Marine  
  41  4:18  SCV  
  41  4:20  Marine  
  41  4:21  SCV  
  41  4:24  Stimpack  
  45  4:27  Combat Shield  
  45  4:30  SCV  
  46  4:34  SCV  
  46  4:35  Marine  
  46  4:37  Marine  
  49  4:41  Marine  
  49  4:42  SCV  
  51  4:46  SCV  
  51  4:49  Supply Depot  
  52  4:54  Marauder, SCV  
  52  4:56  Marauder  
  52  4:58  SCV  
  58  5:06  SCV  
  59  5:08  Refinery  
  59  5:10  SCV  
  59  5:15  Marauder  
  59  5:17  Marauder  
  59  5:18  SCV  
  59  5:21  Supply Depot  
  64  5:22  SCV  
  65  5:28  Engineering Bay  
  65  5:30  SCV  
  65  5:31  Starport, Barracks Reactor  
  65  5:34  SCV  
  67  5:36  Marauder  
  67  5:40  Command Center  
  69  5:43  SCV  
  70  5:51  Supply Depot  
  70  5:52  SCV  
  70  5:55  SCV  
  70  5:57  Terran Infantry Weapons Level 1  
  72  5:59  Marauder  
  72  6:02  Marauder  
  76  6:04  SCV  
  76  6:11  SCV  
  78  6:13  Medivac  
  78  6:16  SCV  
  78  6:17  Supply Depot  
  80  6:20  Marauder, Concussive Shells  
  80  6:23  SCV  
  80  6:25  Engineering Bay  
  83  6:26  Marauder  
  83  6:28  SCV  
  86  6:39  Marine, SCV  
  88  6:40  Orbital Command  
  88  6:42  Marauder  
  88  6:43  Medivac, Marine  
  88  6:44  Supply Depot  
  93  6:51  Terran Infantry Armor Level 1, Missile Turret  
  93  6:52  Marauder  
  93  6:53  Missile Turret, SCV  
  96  6:54  SCV  
  97  7:03  Marauder  
  97  7:05  SCV  
  97  7:06  Missile Turret, SCV x2  
  102  7:17  Missile Turret, SCV  
  102  7:19  SCV  
  102  7:20  Barracks, Orbital Command  
  104  7:24  Starport Reactor, Supply Depot  
  104  7:27  Marine  
  104  7:29  Marine, SCV  
  107  7:30  Marine  
  107  7:31  SCV  
  107  7:32  Marine  
  110  7:41  SCV  
  110  7:43  SCV  
  108  7:45  Marine  
  108  7:46  SCV  
  108  7:47  Marauder  
  108  7:48  Marine  
  108  7:50  Marine  
  96  7:53  SCV  
  96  7:55  SCV  
  98  7:58  SCV  
  98  8:00  Viking, Medivac  
  98  8:03  Marauder  
  101  8:05  SCV  
  101  8:06  Marine  
  101  8:07  SCV  
  101  8:08  Marine  
  101  8:09  Marine x2  
  101  8:12  Supply Depot  
  105  8:23  Missile Turret  
  105  8:24  Marine x2  
  105  8:26  Marauder  
  109  8:27  Marine  
  109  8:30  Fusion Core, Viking, Medivac  
  109  8:31  Marine  
  115  8:35  Supply Depot  
  115  8:40  Refinery  
  115  8:41  Refinery  
  115  8:42  Marine  
  115  8:43  Marine  
  115  8:44  Missile Turret  
  115  8:45  Marine  
  115  8:48  Marauder  
  120  8:51  Marine  
  120  8:55  Refinery  
  121  9:00  Marine, Supply Depot  
  121  9:01  Marine  
  121  9:02  SCV x2  
  125  9:03  Marine, SCV  
  125  9:06  Missile Turret  
  125  9:09  Marauder, Marine  
  130  9:11  Armory  
  130  9:12  Command Center  
  130  9:14  SCV  
  131  9:23  Supply Depot  
  131  9:25  Marauder  
  133  9:32  Factory  
  133  9:33  Missile Turret  
  133  9:37  Marauder  
  133  9:41  Starport, Marine  
  133  9:43  Marine  
  133  9:44  Marine  
  122  9:47  Marauder  
  113  9:59  Marauder, Marine  
  115  10:01  Terran Infantry Weapons Level 2, Marine  
  115  10:02  Marine  
  115  10:06  Armory  
  117  10:08  Marauder  
  119  10:15  Factory Tech Lab  
  119  10:17  Marine, Starport Tech Lab  
  119  10:19  Marine  
  119  10:20  Marine x2  
  123  10:22  Terran Infantry Armor Level 2  
  123  10:29  Marine  
  123  10:34  Planetary Fortress  
  123  10:35  Command Center, Raven, Marine, Refinery  
  127  10:36  Missile Turret  
  127  10:37  Missile Turret, Marine  
  127  10:38  Marine x2  
  130  10:47  Marine  
  130  10:49  Refinery  
  131  10:53  Marine  
  131  10:55  Marine  
  131  10:56  Marine  
  134  10:57  Marine  
  135  11:05  Marine  
  135  11:10  Marine  
  137  11:12  Marine  
  137  11:14  Marine  
  137  11:16  Marauder  
  147  11:18  Battlecruiser  
  147  11:20  Ghost Academy  
  147  11:21  Missile Turret  
  147  11:22  Marine  
  147  11:23  Missile Turret  
  148  11:26  Supply Depot  
  148  11:30  Marine  
  148  11:31  Marine  
  150  11:33  Marine  
  150  11:37  Marine  
  150  11:39  Viking  
  154  11:41  Marauder  
  154  11:43  Viking  
  154  11:45  Missile Turret  
  158  11:48  Marine  
  158  11:51  Planetary Fortress, Siege Tank, Supply Depot  
  158  11:52  Hellion  
  158  11:54  Infernal Pre-Igniter  
  164  11:55  Marauder, Refinery  
  164  11:58  Missile Turret  
  164  12:00  Missile Turret  
  166  12:01  Ghost  
  166  12:03  Missile Turret  
  166  12:07  SCV  
  168  12:08  Factory  
  168  12:09  Viking  
  168  12:13  Hellion  
  172  12:19  Terran Infantry Weapons Level 3  
  178  12:22  Battlecruiser  
  178  12:24  Widow Mine  
  180  12:34  Widow Mine  
  182  12:38  Command Center  
  182  12:39  Ghost  
  182  12:40  Refinery  
  182  12:42  Terran Infantry Armor Level 3  
  184  12:45  Siege Tank  
  184  12:51  Marauder  
  181  12:52  Factory Tech Lab  
  181  12:56  Hellion  
  181  12:58  Liberator, Marine  
  172  13:01  Marine x2  
  150  13:08  Marauder  
  150  13:10  Cyclone  
  150  13:11  Marine  
  138  13:16  Marine  
  138  13:17  Siege Tank x2  
  138  13:19  Marine x2  
  147  13:25  Personal Cloaking  
  147  13:26  Raven  
  149  13:27  Terran Vehicle Weapons Level 1  
  149  13:28  Terran Vehicle And Ship Armor Level 1  
  149  13:30  Marauder x2  
  153  13:34  Marine  
  154  13:42  Hellion  
  156  13:49  Widow Mine, Siege Tank  
  161  14:02  Planetary Fortress, Refinery  
  161  14:04  Hellion  
  161  14:06  Missile Turret  
  161  14:08  Missile Turret  
  161  14:09  Raven  
  165  14:11  Hellion  
  165  14:12  Missile Turret  
  167  14:17  Marine  
  167  14:18  Viking  
  167  14:21  Cyclone  
  167  14:22  Viking  
  167  14:23  Marine  
  167  14:24  Marine  
  176  14:25  Thor, Marine  
  184  14:31  Thor  
  190  14:48  Marine  
  191  14:52  Nuke  
  191  14:54  Hellion  
  193  15:02  Marine, Command Center  
  193  15:03  Marine  
  195  15:08  Hellion  
  196  15:22  Factory  
Tags
 
Add a new tag
Caveats
  • Supply blocks, unpowered buildings, or Contaminate may cause inaccurate times.
  • Supply counts are checked every 10 seconds.